 Dungeon Crawl Stone Soup version 0.17-a0-1900-g45e8110 (webtiles) character file.

125 ololoev the Chopper (level 4, 40/40 HPs)
             Began as a Deep Dwarf Gladiator on Sept 24, 2015.
             Quit the game on level 4 of the Dungeon.
             The game lasted 00:05:14 (722 turns).

ololoev the Chopper (Deep Dwarf Gladiator)           Turns: 722, Time: 00:05:14

Health: 40/40      AC:  5    Str: 19    XL:     4   Next: 82%
Magic:  2/2        EV: 13    Int:  9    God:
Gold:   71         SH:  0    Dex: 13    Spells: 0 memorised, 3 levels left

rFire  . . .     SeeInvis .     a - +0 war axe
rCold  . . .     Clarity  .     b - +0 leather armour
rNeg   . . .     SustAt   .     (no shield)
rPois  .         Gourm    .     c - +1 helmet
rElec  .         Spirit   .     (no cloak)
rCorr  .         Warding  .     (no gloves)
rMut   .         Stasis   .     (no boots)
MR     .....                    n - amulet of inaccuracy (curse)
Stlth  +.........               (no ring)
                                (no ring)

@: mildly poisoned (40 -> 40), very slightly contaminated, non-regenerating, not
resistant to hostile enchantments, very unstealthy
A: damage resistance, recharge devices, sense surroundings 1, slow healing 3
a: Device Recharging


Innate Abilities, Weirdness & Mutations

You are resistant to damage.
You can recharge devices by infusing magical energy.
You passively map a small area around you.
You do not heal naturally.

Inventory:

Hand weapons
 a - a +0 war axe (weapon)
Missiles
 d - 3 throwing nets (quivered)
Armour
 b - a +0 leather armour (worn)
 c - a +1 helmet (worn)
Jewellery
 l - an uncursed ring of ice
 m - an uncursed amulet of resist corrosion
 n - a cursed amulet of inaccuracy (around neck)
Magical devices
 e - a wand of heal wounds (5)
Scrolls
 g - a scroll of enchant armour
 i - a scroll of teleportation
Comestibles
 f - a bread ration


   Skills:
 + Level 2.6 Fighting
 * Level 5.2 Axes
 - Level 1.7 Throwing
 + Level 1.9 Armour
 - Level 3.2 Dodging


You had 3 spell levels left.
You didn't know any spells.


You were on level 4 of the Dungeon.
You were not hungry.

You visited 1 branch of the dungeon, and saw 5 of its levels.

You collected 71 gold pieces.

*,* ***,***,,,,,,,,** *,* *,* *,*
********,* **,* *,* *,* *,* *,,*
*,* *,* *#+## *,** ,,* ***,******
##...## *,* ***
*,,,,,,,,*##.....## ***,*
*,...##*,##.......## **,*,*
*****,,...**,#.........###*,,,,*
,,,,,,,...,,,+..@......'.,,,,,,*
*****,*...**,#.........#***,,,,**
,* *,##.##*,##.......## *,,,,,,
,* *,,...,,,*##...ยง.## *,**,**
,* ***#.#**** ##...## *,**,** ,*
#.# ####'##** *,**,,* ,* #.#
#.....,,* *,***,* ,* #.#
#.##.##,# *,* *,* ,* #.#
#.##.##.# *,***,*

Notes
Turn   | Place    | Note
--------------------------------------------------------------
     0 | D:1      | ololoev the Deep Dwarf Gladiator began the quest for the Orb.
     0 | D:1      | Reached XP level 1. HP: 19/19 MP: 1/1
   141 | D:2      | Noticed Ijyb
   165 | D:2      | Killed Ijyb
   165 | D:2      | Reached skill level 4 in Axes
   165 | D:2      | Reached XP level 2. HP: 26/26 MP: 2/2
   165 | D:2      | Reached XP level 3. HP: 32/32 MP: 3/3
   173 | D:2      | Reached skill level 1 in Armour
   305 | D:3      | Found a stormy altar of Qazlal.
   431 | D:4      | Noticed barthelm's ghost (average KoBe)
   437 | D:4      | Noticed a scorpion
   595 | D:4      | Reached XP level 4. HP: 25/39 MP: 2/2
   616 | D:5      | Entered Level 5 of the Dungeon
   695 | D:4      | Killed a scorpion
   695 | D:4      | Reached skill level 5 in Axes
   722 | D:4      | Quit the game

Dungeon Overview and Level Annotations

Branches:
Dungeon (5/15)
 Temple: D:4-7

Altars:
Qazlal

Annotations:
D:4 barthelm's ghost, average KoBe


Message History

You hit the scorpion.
You kill the scorpion!
Your Axes skill increases to level 5!
Evoke which item? (* to show all) (? for menu, Esc to quit)
Zapping:
e - a wand of heal wounds (6)
Press: ? - help, Shift-Dir - straight line, f - you You feel much better.
This wand has 5 charges left.
As you close the door, it creaks loudly!
You open the door.
There is an open door here.
Found a dented diamond amulet.
n - a dented diamond amulet Put on which piece of jewellery? (? for menu, Esc to quit)
You remove your amulet of resist corrosion.
Oops, that amulet feels deathly cold.
n - a cursed amulet of inaccuracy (around neck) Read which item? (? for menu, Esc to quit)
As you read the scroll labeled TECKOTS NOSA, it crumbles to dust.
You feel strangely unstable.
It was a scroll of teleportation.
Read which item? (? for menu, Esc to quit)
As you read the scroll labeled NEHAUR FYUKK, it crumbles to dust.
It is a scroll of enchant armour.
Enchant which item? (? for menu, Esc to quit)
Your +0 helmet glows green for a moment.
Read which item? (? for menu, Esc to quit)
As you read the scroll labeled WAIMOS GOSK, it crumbles to dust.
You feel aware of your surroundings.
It was a scroll of magic mapping.
Read which item? (? for menu, Esc to quit)
As you read the scroll labeled SIOFE QEXIFUTO, it crumbles to dust.
You hear a loud clanging noise!
It was a scroll of noise.
Your surroundings suddenly seem different.
Found a stone staircase leading down.
Read which item? (? for menu, Esc to quit)
Blink to where?
Press: ? - help, Dir - move target cursor You are very lightly contaminated with residual magic.
As you read the scroll labeled MOGUOM IHIWKA, it crumbles to dust.
It was a scroll of blinking.
Are you sure you want to abandon this character and quit the game? (Confirm with "yes".)

There were no monsters in sight!

Vanquished Creatures
  A scorpion (D:4)
  Ijyb (D:2)
  2 adders
  An adder skeleton (D:4)
  A giant gecko (D:4)
  An orc (D:3)
  A bat (D:3)
  A giant cockroach (D:3)
  8 jackals
  A giant newt (D:1)
  2 goblins
  4 kobolds
  2 quokkas (D:3)
  2 rats
28 creatures vanquished.

Action                   |  1- 3 |  4- 6 || total
-------------------------+-------+-------++-------
Melee: War axe           |   113 |    16 ||   129
 Abil: Device Recharging |     2 |       ||     2
Evoke: Wand              |     7 |     2 ||     9
  Use: Scroll            |       |     5 ||     5
 Stab: Sleeping          |     1 |       ||     1

Vault maps used:
D:1:      saegor_arrival_simple_a
D:2:      hex_tiny, uniq_iyjb, uniq_terence
D:3:      old_standard_altar
D:4:      first_bread, kennysheep_generic_room_13, uniq_sigmund
D:5:      serial_shops, shop, uniq_pikel
